AoeStats
← Elmatz

MegaRandom

504556737Analyzed
3v3 RM · 27d ago on Sep 5, 2026· 72m 16s· 6 players
Game mode
Random Map
Map size
Normal (6 player)
Population
200
Speed
Normal
Resources
Standard
Victory
Conquest
Starting age
Dark Age
Ending age
Imperial Age
RankedLock teamsTeams togetherTeam positionsShared explorationLock speedFull tech treeHidden civsTurbo modeCheats
Victory
Defeat
🇷🇺 Teutons · Russia
1152
+14
🇷🇺 Gurjaras · Russia
1145
+15
🇷🇺 Italians · Russia
1137
+15
🇵🇪 Japanese · Peru
1119
-15
🇵🇪 Huns · Peru
1119
-15
🇵🇪 Armenians · Peru
1110
-14
Elmatz
10:46 Feudal Age
11:25 Double-Bit Axe
15:30 Castle Age
14:00 Stone Mining
14:42 Horse Collar
15:34 Loom
16:53 Loom
22:02 Bow Saw
23:05 Scale Mail Armor
24:12 Heavy Plow
25:48 Chain Mail Armor
25:51 Squires
25:35 Pikeman
27:53 Wheelbarrow
29:09 Forging
34:11 Imperial Age
33:00 Arson
33:01 Gambesons
33:41 Hand Cart
33:12 Town Watch
34:23 Iron Casting
35:17 Conscription
34:24 Elite Samurai
36:53 Kataparuto
36:15 Halberdier
37:59 Blast Furnace
38:18 Plate Mail Armor
Diegotzu
10:33 Feudal Age
8:48 Loom
16:53 Castle Age
17:05 Double-Bit Axe
19:53 Scale Barding Armor
20:51 Horse Collar
24:18 Chain Barding Armor
25:44 Forging
31:38 Husbandry
31:50 Bloodlines
33:45 Heavy Plow
35:56 Iron Casting
40:17 Imperial Age
43:58 Elite Tarkan
45:16 Plate Barding Armor
45:42 Blast Furnace
46:36 Marauders
.:LUSHO:.
13:06 Feudal Age
17:14 Castle Age
16:15 Double-Bit Axe
20:45 Fishing Lines
21:56 Gillnets
23:04 Wheelbarrow
22:24 Gold Mining
23:34 Medium Warships
23:47 Bow Saw
23:23 Horse Collar
26:09 Stone Mining
27:34 Hand Cart
27:05 Loom
28:53 Town Watch
30:18 Town Patrol
34:59 Imperial Age
34:02 Gold Shaft Mining
34:32 Fletching
34:42 Padded Archer Armor
34:55 Forging
34:45 Scale Mail Armor
34:51 Scale Barding Armor
34:59 Demolition Ship
36:07 Conscription
35:53 Fereters
35:54 Cilician Fleet
36:11 Husbandry
36:22 Bloodlines
36:13 Bodkin Arrow
36:36 Chain Mail Armor
35:56 Pikeman
36:37 Squires
37:00 Halberdier
38:41 Fortified Wall
38:10 Cavalier
39:30 Iron Casting
39:16 Chain Barding Armor
39:14 Leather Archer Armor
38:27 Elite Composite Bowman
42:17 Ballistics
42:57 Chemistry
42:05 Siphons
43:59 Blast Furnace
43:29 Plate Mail Armor
43:02 Bracer
43:33 Ring Archer Armor
43:23 Murder Holes
44:06 Hoardings
43:02 Sappers
44:36 Heavy Warships
51:27 Block Printing
53:00 Bombard Tower
54:51 Elite Skirmisher
56:13 Careening
61:25 Dry Dock
68:08 Masonry
68:08 Light Cavalry
hadji_andiyskiy
13:05 Feudal Age
11:24 Loom
13:37 Loom
15:22 Double-Bit Axe
19:45 Castle Age
20:22 Forging
20:17 Scale Barding Armor
21:37 Horse Collar
22:57 Iron Casting
22:42 Chain Barding Armor
27:48 Gold Mining
28:44 Bloodlines
28:34 Husbandry
30:20 Husbandry
31:45 Fletching
33:35 Heavy Plow
34:34 Wheelbarrow
35:32 Kshatriyas
41:55 Imperial Age
43:03 Scale Mail Armor
43:23 Chain Barding Armor
49:28 Chain Mail Armor
49:33 Chain Barding Armor
54:09 Elite Shrivamsha Rider
56:21 Plate Barding Armor
55:41 Heavy Camel Rider
60:19 Caravan
62:07 Hand Cart
63:57 Conscription
70:17 Plate Mail Armor
69:36 Spies/Treason
shamil.malikov97
7:51 Loom
10:53 Feudal Age
16:42 Castle Age
14:53 Double-Bit Axe
15:01 Gold Mining
20:21 Bow Saw
26:14 Stone Mining
33:30 Imperial Age
32:07 Bloodlines
32:22 Forging
34:01 Stone Shaft Mining
33:49 Horse Collar
34:47 Wheelbarrow
35:24 Iron Casting
34:54 Scale Barding Armor
35:04 Cavalier
38:31 Paladin
40:29 Hand Cart
41:47 Blast Furnace
41:07 Chain Barding Armor
42:02 Town Watch
43:08 Conscription
42:46 Elite Teutonic Knight
44:07 Plate Barding Armor
53:29 Caravan
66:38 Two-Man Saw
azal873
13:01 Feudal Age
11:17 Loom
18:40 Castle Age
19:43 Double-Bit Axe
22:15 Bow Saw
29:07 Imperial Age
27:23 Fletching
28:26 Ballistics
30:42 Murder Holes
30:28 Treadmill Crane
30:59 Masonry
31:04 Gold Mining
34:11 Chemistry
33:12 Elite Genoese Crossbowman
34:17 Bodkin Arrow
36:47 Conscription
36:40 Bracer
37:05 Padded Archer Armor
38:31 Leather Archer Armor
42:51 Wheelbarrow
48:25 Stone Mining
52:12 Hand Cart
52:41 Hoardings
52:17 Pirotechnia
52:28 Silk Road
51:59 Arrowslits
52:25 Fortified Wall
52:45 Architecture
52:07 Heated Shot
52:07 Guard Tower
52:40 Bombard Tower
52:17 Herbal Medicine
52:58 Theocracy
52:49 Illumination
52:39 Block Printing
52:25 Atonement
52:36 Redemption
52:47 Sanctity
53:10 Devotion
53:21 Fervor
53:28 Clinker Construction
53:29 Careening
53:26 Siphons
53:29 Scale Barding Armor
53:25 Scale Mail Armor
53:35 Forging
53:01 Capped Ram
55:00 Shipwright
55:13 Ring Archer Armor
55:04 Chain Barding Armor
54:35 Town Watch
55:02 Redemption
55:33 Coinage
55:13 Caravan
55:17 Horse Collar
56:54 Banking
56:34 Guilds
56:28 Heavy Plow
57:23 Keep
57:56 Two-Man Saw
57:35 Stone Shaft Mining
57:09 Town Patrol
58:28 Carvel Hull
58:48 Iron Casting
58:36 Chain Mail Armor
58:58 Plate Barding Armor
58:10 Fishing Lines
58:41 Medium Warships
57:53 Demolition Ship
57:56 Elite Cannon Galleon
59:09 Dry Dock
59:32 Crop Rotation
59:03 Gillnets
60:29 Blast Furnace
60:07 Faith
60:38 Heavy Warships
60:54 Plate Mail Armor
60:41 Incendiaries
63:51 Onager
Connection lost

Rejoining the realm…

Still unreachable

The connection could not be restored.

Session expired

The server has moved on; the page needs a fresh start.